 Dungeon Crawl Stone Soup version 0.20.0-15-g7f486f2 (console) character file.

48 virginmara the Stinger (level 3, -1/36 HPs)
             Began as a Demonspawn Venom Mage on June 22, 2017.
             Slain by butheremails's ghost (2 damage)
             ... on level 3 of the Dungeon.
             The game lasted 00:03:01 (1197 turns).

virginmara the Stinger (Demonspawn Venom Mage)      Turns: 1197, Time: 00:03:02

Health: -1/36      AC: 21    Str:  8    XL:     3   Next: 50%
Magic:  6/6        EV:  2    Int: 22    God:
Gold:   106        SH:  0    Dex: 13    Spells: 3/6 levels left

rFire    . . .     SeeInvis .   f - +0 dagger
rCold    . . .     Gourm    .   (no shield)
rNeg     + + +     Faith    .   (armour currently unavailable)
rPois    +         Spirit   .   (helmet currently unavailable)
rElec    .         Reflect  .   (cloak currently unavailable)
rCorr    .         Harm     .   (gloves currently unavailable)
MR       .....     NoTele   +   (boots currently unavailable)
Stlth    ++........             (no amulet)
Regen    0.2/turn               (no ring)
MPRegen  0.1/turn               (no ring)

@: brilliant, lethally poisoned (-1 -> -4), tree-form, berserk cooldown, slowed,
very slow
A: rot immunity
a: no special abilities


You were on level 3 of the Dungeon.
You were hungry.
You were a tree.
You visited 1 branch of the dungeon, and saw 3 of its levels.

You collected 106 gold pieces.

Inventory:

Hand Weapons
 f - a +0 dagger (weapon)
Missiles
 h - 8 javelins (quivered)
Armour
 a - a +0 robe (melded)
Scrolls
 e - 2 scrolls of fog {unknown}
 g - a scroll of blinking {unknown}
 j - a scroll of immolation {unknown}
 k - 2 scrolls of remove curse {unknown}
 m - a scroll of enchant armour {unknown}
 o - a scroll of noise {unknown}
 s - a scroll of identify {unknown}
Books
 b - a Young Poisoner's Handbook

   Spells                             Type                      Level
   a - Sting                          Conjuration/Poison           1
   b - Poisonous Vapours              Poison/Air                   2
   c - Mephitic Cloud                 Conjuration/Poison/Air       3
   d - Olgreb's Toxic Radiance        Poison                       4
   e - Venom Bolt                     Conjuration/Poison           5
Comestibles
 c - 2 bread rations
 i - 2 fruits
 l - 2 meat rations
 r - a royal jelly


   Skills:
 + Level 2.1 Dodging
 + Level 2.3 Stealth
 - Level 2.0 Spellcasting
 - Level 1.0 Conjurations
 * Level 4.0 Poison Magic


You had 3 spell levels left.
You knew the following spells:

 Your Spells              Type           Power        Failure   Level  Hunger
a - Sting                 Conj/Pois      ####         1%          1    #......
b - Poisonous Vapours     Pois/Air       ###...       1%          2    ##.....


Dungeon Overview and Level Annotations

Branches:
Dungeon (3/15)

Altars:

Annotations:
D:3 butheremails's ghost, amateur DEEE


Innate Abilities, Weirdness & Mutations

You are immune to rotting.


Message History

You feel sick. Butheremails's ghost barely misses you.
You hit butheremails's ghost but do no damage.
Butheremails's ghost is severely damaged.
Butheremails's ghost points at you and mumbles some strange words.
The blast of sand hits you!
Butheremails's ghost points at you and mumbles some strange words.
The stone arrow hits you!
* * * LOW HITPOINT WARNING * * *
You aren't carrying any potions.
Unknown command.
You hit butheremails's ghost but do no damage.
Butheremails's ghost is severely damaged.
* * * LOW HITPOINT WARNING * * *
You feel sick.
Butheremails's ghost casts a spell at you.
The stone arrow misses you.
You closely miss butheremails's ghost.
Butheremails's ghost is severely damaged.
Butheremails's ghost hits you.
You die...

#. # #.
$# #. #.
#.###.
#....
#...##
#.W#.#.#
#.♣....#
##.#####
#..# ##.#
#.# #.#
#.# ##.##
##...####


You could see butheremails's ghost.

Vanquished Creatures
  An adder (D:2)
  2 dart slugs
  A leopard gecko (D:2)
  6 bats
  A giant cockroach (D:2)
  3 goblins
  3 hobgoblins
  4 jackals
  5 kobolds
  7 frilled lizards
  A rat (D:2)
34 creatures vanquished.

Vanquished Creatures (others)
  5 toadstools (D:1)
5 creatures vanquished.

Grand Total: 39 creatures vanquished

Notes
Turn   | Place    | Note
-------+----------+-------------------------------------------
     0 | D:1      | virginmara the Demonspawn Venom Mage began the quest for the Orb.
     0 | D:1      | Reached XP level 1. HP: 13/13 MP: 3/3
   253 | D:1      | Gained mutation: You are immune to rotting. [demonic ancestry]
   253 | D:1      | Reached XP level 2. HP: 13/19 MP: 1/5
   471 | D:2      | Learned a level 2 spell: Poisonous Vapours
   637 | D:2      | Reached XP level 3. HP: 24/24 MP: 4/6
   894 | D:2      | Reached skill level 4 in Poison Magic
  1177 | D:3      | Noticed butheremails's ghost (amateur DEEE)
  1189 | D:3      | HP: 1/24 [butheremails's ghost/blast of sand (12)]
  1196 | D:3      | HP: 1/36 [poisoned by butheremails's ghost]
  1197 | D:3      | Slain by butheremails's ghost

Skill      XL: |  1  2  3 |
---------------+----------+-----
Dodging        | 2 |  2.1
Stealth        | 2 |  2.3
Poison Magic   | 4 |  4.0
Spellcasting   | |  2.0
Conjurations   | |  1.0

Action                   || total
-------------------------++-------
Melee: Dagger            ||    48
 Cast: Sting             ||    50
  Use: Potion            ||     6
 Stab: Sleeping          ||     2
  Eat: Chunk             ||     1
Armor: Robe              ||    13
       Skin              ||     3
Dodge: Dodged            ||    43
